 Dungeon Sprint DCSS version 0.17-a0-2093-gc772f4b (webtiles) character file.

18100000 Ordine the Axe Maniac (level 27, -32/298 HPs)
             Began as a Deep Dwarf Warper on Oct 16, 2015.
             Was the Champion of Makhleb.
             Killed from afar by a scourge (56 damage)
             ... with a bolt of poison
             ... in the Dungeon (Sprint VIII: "Arena of Blood").
             The game lasted 00:14:29 (181 turns).

Ordine the Axe Maniac (Deep Dwarf Warper)            Turns: 181, Time: 00:14:29

Health: -32/298    AC:  6    Str: 18    XL:     27
Magic:  52/54      EV: 36    Int: 15    God:    Makhleb [******]
Gold:   0          SH:  0    Dex: 21    Spells: 2 memorised, 75 levels left

rFire  + . .     SeeInvis .     l - +∞ Axe of Woe
rCold  . . .     Clarity  .     a - +0 leather armour
rNeg   + . .     SustAt   .     (no shield)
rPois  .         Gourm    .     (no helmet)
rElec  .         Spirit   .     (no cloak)
rCorr  .         Warding  .     (no gloves)
rMut   .         NoTele   +     (no boots)
MR     ++++.                    (no amulet)
Stlth  +++++++++.               (no ring)
                                c - ring of protection from fire

@: lethally poisoned (-32 -> -121), very slightly contaminated,
non-regenerating, slowed, very slow, incredibly resistant to hostile
enchantments, incredibly stealthy
A: damage resistance, recharge devices, negative energy resistance 1, sense
surroundings 3, slow regeneration 3
a: Device Recharging, Minor Destruction, Lesser Servant of Makhleb, Major
Destruction, Greater Servant of Makhleb, Renounce Religion


You were in the Dungeon.
You worshipped Makhleb.
Makhleb was exalted by your worship.
You were not hungry.

You visited 1 branch

Inventory:

Hand Weapons
 l - the +∞ Axe of Woe (weapon)
   (You found it in the Dungeon)
Armour
 a - a +0 leather armour (worn)
Jewellery
 c - a ring of protection from fire (left hand)
Wands
 e - a wand of heal wounds (1)
Potions
 g - a potion of curing
 j - 2 potions of magic
 k - a potion of berserk rage
Books
 b - a book of Spatial Translocations

   Spells                             Type                      Level
   a - Apportation                    Translocation                1
   b - Blink                          Translocation                2
   c - Shroud of Golubria             Charms/Translocation         2
   d - Portal Projectile              Translocation                3
   e - Teleport Other                 Translocation                3
   f - Passage of Golubria            Translocation                4
Comestibles
 f - a bread ration


   Skills:
 O Level 27 Fighting
 O Level 27 Axes
 O Level 27 Throwing
 O Level 27 Armour
 O Level 27 Dodging
 O Level 27 Stealth
 O Level 27 Unarmed Combat
 O Level 27 Spellcasting
 O Level 27 Translocations
 O Level 27 Invocations
 O Level 27 Evocations


You had 75 spell levels left.
You knew the following spells:

 Your Spells              Type           Power        Failure   Level  Hunger
a - Apportation           Tloc           #######...   0%          1    None
b - Passage of Golubria   Tloc           N/A          0%          4    None


Dungeon Overview and Level Annotations

Branches:
Dungeon (1/1)

Altars:
Makhleb


Innate Abilities, Weirdness & Mutations

You are resistant to damage.
You can recharge devices by infusing magical energy.
You resist negative energy.
You passively map a large area around you.
You do not regenerate naturally.


Message History

Zapping:
e - a wand of heal wounds (2)
Press: ? - help, Shift-Dir - straight line, f - you You feel much better.
This wand has 1 charge left.
* * * LOW HITPOINT WARNING * * *
You feel extremely sick.
You hear a shout! x6
The accursed points at you and mumbles some strange words.
Something smites you!
* * * LOW HITPOINT WARNING * * *
You feel something staring at you. Something smites you!
* * * LOW HITPOINT WARNING * * *
You hear a shout! x2
The tyrant casts a spell.
The tyrant seems to speed up.
You hear a shout!
The scourge throws poison at you. The bolt of poison hits you!
You are more poisoned.
You die...

,* ,, ,,,
..##..%O.#.....#...
,..... #......#.)).##....
,
,2MD.§.#...###....#......
..W.S..O.......#........
, ,, ,
...pS§................##
,#L...§####...))....####
o....§§§#.))))).#### *, ,
,.....§§§{.)))#### ** ,
....§§§@§.#### **
*###########


You could see an accursed, a meat beast (wandering), a tyrant, an eight-headed
meat hydra, 2 scourges, a fleshlord, a dread and a bag of meat (wandering).

Vanquished Creatures
  9 hell knights (D)
  6 hell beasts (D)
  5 greater mummies (D)
  4 great orbs of eyes (D)
  9 wraiths (D)
  14 vampire knights (D)
  37 ogres (D)
  2 liches (D)
  4 hydras (D)
  66 orcs (D)
  4 phantoms (D)
  6 hill giants (D)
  6 skeletal warriors (D)
  5 sea snakes (D)
  3 large abominations (D)
  9 small abominations (D)
  19 crawling corpses (D)
208 creatures vanquished.

Vanquished Creatures (others)
  Edmund (D)
  A great orb of eyes (D)
  An ogre (D)
  3 hydras (D)
  3 orcs (D)
  2 sea snakes (D)
  7 crawling corpses (D)
18 creatures vanquished.

Grand Total: 226 creatures vanquished

Notes
Turn   | Place    | Note
--------------------------------------------------------------
     0 | D        | Ordine the Deep Dwarf Warper began the quest for the Orb.
     0 | D        | Reached XP level 1. HP: 19/19 MP: 3/3
     2 | D        | Noticed a bag of meat
     3 | D        | Noticed a bag of meat
     3 | D        | Became a worshipper of Makhleb the Destroyer
     4 | D        | Noticed a bag of meat
     4 | D        | Noticed a meat berserker
     6 | D        | Noticed a bag of meat
     6 | D        | Noticed a meat berserker
     6 | D        | Killed a meat berserker
     6 | D        | Reached skill level 27 in Axes
     6 | D        | Reached XP level 2. HP: 22/56 MP: 4/4
     6 | D        | Reached XP level 3. HP: 24/63 MP: 5/5
     6 | D        | Reached XP level 4. HP: 27/72 MP: 6/6
     6 | D        | Reached XP level 5. HP: 30/80 MP: 7/7
     6 | D        | Reached XP level 6. HP: 33/88 MP: 8/8
     6 | D        | Reached XP level 7. HP: 36/96 MP: 9/9
     6 | D        | Reached XP level 8. HP: 39/104 MP: 10/10
     6 | D        | Gained mutation: You passively map the area around you. [Deep Dwarf growth]
     6 | D        | Reached XP level 9. HP: 41/111 MP: 11/11
     6 | D        | Reached XP level 10. HP: 44/121 MP: 12/12
     6 | D        | Reached XP level 11. HP: 46/128 MP: 13/13
     6 | D        | Reached XP level 12. HP: 48/136 MP: 14/14
     6 | D        | Reached XP level 13. HP: 50/144 MP: 15/15
     7 | D        | Noticed a bag of meat
     8 | D        | Noticed a meat berserker
     8 | D        | Killed a bag of meat
     8 | D        | Reached * piety under Makhleb
     9 | D        | Noticed a bag of meat
     9 | D        | Killed a meat berserker
     9 | D        | Gained mutation: You resist negative energy. [Deep Dwarf growth]
     9 | D        | Reached XP level 14. HP: 20/180 MP: 16/16
     9 | D        | Killed a bag of meat
     9 | D        | Reached ** piety under Makhleb
     9 | D        | Reached skill level 27 in Fighting
     9 | D        | Reached XP level 15. HP: 70/190 MP: 17/17
    10 | D        | Noticed a bag of meat
    10 | D        | Noticed a meat berserker
    11 | D        | Noticed a bag of meat
    11 | D        | Noticed a bag of meat
    11 | D        | Killed a bag of meat
    11 | D        | Killed a meat berserker
    11 | D        | Reached *** piety under Makhleb
    11 | D        | Reached XP level 16. HP: 129/200 MP: 18/18
    11 | D        | Killed a bag of meat
    11 | D        | Reached skill level 27 in Dodging
    12 | D        | Noticed a meat berserker
    12 | D        | Noticed a meat berserker
    12 | D        | Noticed a meat berserker
    12 | D        | Noticed a bag of meat
    12 | D        | Noticed a large bag of meat
    12 | D        | Noticed a meat berserker
    12 | D        | Noticed a bag of meat
    13 | D        | Noticed a bag of meat
    13 | D        | Killed a bag of meat
    14 | D        | Noticed a bag of meat
    14 | D        | Killed a meat berserker
    14 | D        | Reached **** piety under Makhleb
    14 | D        | Reached skill level 27 in Stealth
    14 | D        | Reached skill level 15 in Armour
    14 | D        | Reached XP level 17. HP: 208/208 MP: 19/19
    15 | D        | Killed a meat berserker
    15 | D        | Killed a bag of meat
    15 | D        | Reached ***** piety under Makhleb
    15 | D        | Reached skill level 27 in Armour
    15 | D        | Reached skill level 5 in Spellcasting
    15 | D        | Gained mutation: You passively map a large area around you. [Deep Dwarf growth]
    15 | D        | Reached XP level 18. HP: 218/218 MP: 19/26
    16 | D        | Noticed a bag of meat
    17 | D        | Noticed a bag of meat
    17 | D        | Killed a bag of meat
    17 | D        | Killed a meat berserker
    17 | D        | Killed a meat berserker
    17 | D        | Reached XP level 19. HP: 226/226 MP: 19/47
    18 | D        | Killed a bag of meat
    19 | D        | Noticed a meat berserker
    19 | D        | Killed a bag of meat
    19 | D        | Reached ****** piety under Makhleb
    19 | D        | Reached skill level 27 in Spellcasting
    19 | D        | Killed a bag of meat
    19 | D        | Reached skill level 5 in Throwing
    19 | D        | Killed a bag of meat
    20 | D        | Killed a meat berserker
    20 | D        | Reached XP level 20. HP: 236/236 MP: 19/51
    21 | D        | Killed a large bag of meat
    21 | D        | Killed a bag of meat
    22 | D        | Noticed a large bag of meat
    22 | D        | Noticed a destroyer
    22 | D        | Noticed a large bag of meat
    22 | D        | Killed a large bag of meat
    22 | D        | Reached skill level 27 in Translocations
    22 | D        | Reached skill level 27 in Evocations
    23 | D        | Noticed a bag of meat
    23 | D        | Noticed a bag of meat
    23 | D        | Killed a bag of meat
    24 | D        | Noticed a meat berserker
    24 | D        | Noticed a bag of meat
    25 | D        | Noticed a meat berserker
    25 | D        | Noticed a bag of meat
    25 | D        | Noticed a large bag of meat
    25 | D        | Killed a bag of meat
    25 | D        | Reached XP level 21. HP: 214/244 MP: 21/52
    26 | D        | Noticed a bag of meat
    27 | D        | Noticed a bag of meat
    27 | D        | Noticed a bag of meat
    27 | D        | Noticed a meat berserker
    27 | D        | Noticed a large bag of meat
    27 | D        | Killed a bag of meat
    27 | D        | Reached skill level 27 in Invocations
    27 | D        | Killed a destroyer
    28 | D        | Noticed a bag of meat
    28 | D        | Noticed a meat berserker
    29 | D        | Noticed a meat berserker
    30 | D        | Noticed a bag of meat
    30 | D        | Noticed a meat berserker
    30 | D        | Noticed a destroyer
    31 | D        | Noticed a bag of meat
    31 | D        | Noticed a destroyer
    31 | D        | Killed a large bag of meat
    31 | D        | Killed a meat berserker
    31 | D        | Reached skill level 27 in Unarmed Combat
    31 | D        | Reached skill level 10 in Throwing
    31 | D        | Reached XP level 22. HP: 142/254 MP: 22/53
    31 | D        | Killed a meat berserker
    31 | D        | Killed a meat berserker
    32 | D        | Noticed a bag of meat
    32 | D        | Noticed a bag of meat
    32 | D        | Noticed a bag of meat
    32 | D        | Noticed a meat berserker
    32 | D        | Noticed a meat berserker
    32 | D        | Noticed a bag of meat
    32 | D        | Noticed a bag of meat
    32 | D        | Noticed a bag of meat
    32 | D        | Noticed a bag of meat
    32 | D        | Noticed a meat berserker
    32 | D        | Noticed a meat berserker
    32 | D        | Noticed a bag of meat
    32 | D        | Noticed a bag of meat
    32 | D        | Noticed a bag of meat
    32 | D        | Noticed a bag of meat
    32 | D        | Noticed a large bag of meat
    32 | D        | Noticed a bag of meat
    32 | D        | Noticed a bag of meat
    32 | D        | Noticed a bag of meat
    32 | D        | Noticed a bag of meat
    32 | D        | Noticed a meat berserker
    32 | D        | Noticed a bag of meat
    32 | D        | Noticed a destroyer
    32 | D        | Noticed a meat berserker
    32 | D        | Noticed a meat berserker
    33 | D        | Noticed a bag of meat
    33 | D        | Noticed a bag of meat
    33 | D        | Noticed a bag of meat
    33 | D        | Noticed a bag of meat
    33 | D        | Noticed a bag of meat
    34 | D        | Noticed a bag of meat
    34 | D        | Noticed a bag of meat
    34 | D        | Noticed a bag of meat
    34 | D        | Noticed a bag of meat
    34 | D        | Noticed a bag of meat
    34 | D        | Noticed a destroyer
    35 | D        | Noticed a sculptor of flesh
    35 | D        | Noticed a meat berserker
    36 | D        | Killed a meat berserker
    36 | D        | Reached skill level 27 in Throwing
    37 | D        | Noticed a sculptor of flesh
    38 | D        | Noticed a bag of meat
    38 | D        | Killed a sculptor of flesh
    38 | D        | Killed a destroyer
    38 | D        | Reached XP level 23. HP: 262/262 MP: 25/54
    38 | D        | Killed a meat berserker
    39 | D        | Noticed a bag of meat
    40 | D        | Killed a meat berserker
    40 | D        | Killed a bag of meat
    40 | D        | Reached XP level 24. HP: 272/272 MP: 25/54
    40 | D        | Killed a bag of meat
    40 | D        | Killed a meat berserker
    41 | D        | Noticed a bag of meat
    41 | D        | Noticed a bag of meat
    41 | D        | Killed a meat berserker
    41 | D        | Killed a meat berserker
    41 | D        | Killed a meat berserker
    41 | D        | Reached XP level 25. HP: 280/280 MP: 25/54
    41 | D        | Killed a bag of meat
    42 | D        | Noticed a destroyer
    42 | D        | Noticed a destroyer
    42 | D        | Killed a bag of meat
    43 | D        | Noticed a bag of meat
    43 | D        | Killed a bag of meat
    43 | D        | Killed a meat berserker
    43 | D        | Killed a bag of meat
    43 | D        | Killed a destroyer
    43 | D        | Reached XP level 26. HP: 290/290 MP: 26/54
    44 | D        | Noticed a meat berserker
    44 | D        | Noticed a bag of meat
    44 | D        | Noticed a destroyer
    44 | D        | Killed a bag of meat
    44 | D        | Killed a bag of meat
    44 | D        | Killed a bag of meat
    44 | D        | Killed a bag of meat
    45 | D        | Noticed a bag of meat
    45 | D        | Killed a destroyer
    45 | D        | Killed a bag of meat
    45 | D        | Killed a bag of meat
    46 | D        | Noticed a sculptor of flesh
    46 | D        | Killed a bag of meat
    46 | D        | Reached XP level 27. HP: 298/298 MP: 26/54
    46 | D        | Killed a bag of meat
    46 | D        | Killed a meat berserker
    47 | D        | Noticed a bag of meat
    47 | D        | Killed a destroyer
    47 | D        | Killed a bag of meat
    47 | D        | Killed a bag of meat
    48 | D        | Killed a meat berserker
    48 | D        | Killed a bag of meat
    48 | D        | Killed a bag of meat
    49 | D        | Noticed a bag of meat
    49 | D        | Killed a bag of meat
    49 | D        | Killed a bag of meat
    49 | D        | Killed a bag of meat
    49 | D        | Noticed a bag of meat
    50 | D        | Killed a bag of meat
    50 | D        | Killed a bag of meat
    50 | D        | Killed a bag of meat
    51 | D        | Noticed a bag of meat
    51 | D        | Killed a sculptor of flesh
    52 | D        | Noticed an accursed
    52 | D        | Killed a bag of meat
    52 | D        | Killed a meat berserker
    52 | D        | Killed a large bag of meat
    53 | D        | Noticed a meat berserker
    53 | D        | Killed a bag of meat
    53 | D        | Killed a bag of meat
    53 | D        | Killed a bag of meat
    53 | D        | Killed a bag of meat
    53 | D        | Killed a bag of meat
    54 | D        | Killed a bag of meat
    55 | D        | Killed a bag of meat
    55 | D        | Killed a bag of meat
    56 | D        | Killed a bag of meat
    57 | D        | Killed a bag of meat
    58 | D        | Killed a large bag of meat
    58 | D        | Killed a bag of meat
    58 | D        | Killed a bag of meat
    59 | D        | Killed a bag of meat
    59 | D        | Killed a destroyer
    59 | D        | Killed a meat berserker
    60 | D        | Killed a meat berserker
    60 | D        | Killed a bag of meat
    61 | D        | Killed a bag of meat
    62 | D        | Noticed a tyrant
    62 | D        | Killed a bag of meat
    62 | D        | Killed an accursed
    62 | D        | Killed a bag of meat
    63 | D        | Noticed a meat berserker
    63 | D        | Killed a bag of meat
    64 | D        | Killed a bag of meat
    64 | D        | Killed a bag of meat
    65 | D        | Killed a destroyer
    66 | D        | Killed a sculptor of flesh
    66 | D        | Killed a bag of meat
    68 | D        | Killed a meat berserker
    70 | D        | Killed a tyrant
    73 | D        | Noticed a meat berserker
    75 | D        | Noticed a dread
    76 | D        | Noticed a meat beast
    77 | D        | Killed a meat berserker
    78 | D        | Noticed a sculptor of flesh
    78 | D        | Noticed a meat beast
    79 | D        | Killed a meat beast
    82 | D        | Killed a meat beast
    83 | D        | Noticed a meat beast
    83 | D        | Killed a meat beast
    83 | D        | Killed a wretched soul
    86 | D        | Killed a sculptor of flesh
    88 | D        | Killed a wretched soul
    90 | D        | Noticed a meat beast
    92 | D        | Noticed a meat berserker
    92 | D        | Noticed an accursed
    92 | D        | Killed an accursed
    92 | D        | Killed a dread
    95 | D        | Noticed a meat beast
    96 | D        | Noticed a meat berserker
    97 | D        | Killed a meat berserker
    98 | D        | Killed a meat beast
   100 | D        | Noticed an accursed
   100 | D        | Noticed a destroyer
   101 | D        | Killed a meat berserker
   102 | D        | Killed an accursed
   103 | D        | Killed a meat beast
   106 | D        | Killed a destroyer
   107 | D        | Killed a destroyer
   113 | D        | Learned a level 4 spell: Passage of Golubria
   114 | D        | Noticed a meat berserker
   116 | D        | Noticed a dread
   116 | D        | Killed a meat berserker
   122 | D        | Noticed a meat berserker
   123 | D        | Noticed a bag of meat
   123 | D        | Noticed a fleshlord
   123 | D        | Noticed a dread
   125 | D        | Killed a meat berserker
   127 | D        | Killed a fleshlord
   128 | D        | Noticed a bag of meat
   128 | D        | Noticed a bag of meat
   128 | D        | Noticed a destroyer
   128 | D        | Noticed a fleshlord
   129 | D        | Noticed a fleshlord
   129 | D        | Noticed a fleshlord
   129 | D        | Noticed a fleshlord
   129 | D        | Killed a bag of meat
   130 | D        | Noticed a large bag of meat
   130 | D        | Noticed a bag of meat
   131 | D        | Killed a dread
   132 | D        | Noticed a fleshlord
   132 | D        | Noticed a destroyer
   135 | D        | Killed a destroyer
   136 | D        | Killed a fleshlord
   138 | D        | Noticed a fleshlord
   138 | D        | Killed a fleshlord
   139 | D        | Noticed a dread
   140 | D        | Noticed a tyrant
   141 | D        | Noticed a meat berserker
   142 | D        | Killed a fleshlord
   143 | D        | Noticed a dread
   143 | D        | Killed a meat berserker
   143 | D        | Killed a wretched soul
   143 | D        | Killed a bag of meat
   144 | D        | Noticed an accursed
   144 | D        | Killed a fleshlord
   144 | D        | Killed a fleshlord
   145 | D        | Noticed a meat berserker
   145 | D        | Killed a fleshlord
   145 | D        | Killed a bag of meat
   146 | D        | Noticed a destroyer
   146 | D        | HP: 3/298 [meat berserker/+9 battleaxe (51)]
   146 | D        | Noticed a bag of meat
   147 | D        | Noticed a meat berserker
   147 | D        | Noticed a dread
   147 | D        | Killed a wretched soul
   147 | D        | Killed a meat berserker
   147 | D        | Killed a large bag of meat
   148 | D        | Noticed a bag of meat
   148 | D        | Noticed a dread
   148 | D        | Noticed a meat berserker
   148 | D        | Noticed The Defiler
   148 | D        | Noticed an accursed
   149 | D        | Killed a destroyer
   149 | D        | Killed a dread
   149 | D        | Killed a meat berserker
   150 | D        | Noticed a dread
   150 | D        | Noticed a bag of meat
   150 | D        | Noticed a sculptor of flesh
   150 | D        | Killed a destroyer
   151 | D        | Killed a bag of meat
   151 | D        | Killed an observer
   151 | D        | Killed The Defiler
   153 | D        | Killed an observer
   153 | D        | Killed a meat berserker
   154 | D        | Killed a meat berserker
   155 | D        | Noticed a fleshlord
   155 | D        | Killed a bag of meat
   155 | D        | Killed a dread
   156 | D        | Noticed a destroyer
   156 | D        | Killed an accursed
   156 | D        | Killed a dread
   157 | D        | Killed a dread
   158 | D        | Noticed a bag of meat
   158 | D        | Noticed a fleshlord
   158 | D        | Killed a tyrant
   159 | D        | Noticed a meat berserker
   159 | D        | Killed a bag of meat
   160 | D        | Killed an accursed
   161 | D        | Noticed a dread
   161 | D        | Noticed a destroyer
   161 | D        | Killed a fleshlord
   161 | D        | Killed a bag of meat
   163 | D        | Noticed a meat berserker
   163 | D        | Killed a destroyer
   163 | D        | Killed a bag of meat
   163 | D        | Killed a dread
   165 | D        | Killed a sculptor of flesh
   165 | D        | Killed a meat berserker
   166 | D        | Noticed a meat beast
   166 | D        | Killed a fleshlord
   167 | D        | Killed a destroyer
   168 | D        | Killed a meat berserker
   168 | D        | Killed a dread
   168 | D        | Killed an observer
   170 | D        | Killed a meat beast
   170 | D        | Killed an observer
   173 | D        | Killed a dread
   175 | D        | Killed an observer
   176 | D        | Noticed a meat berserker
   178 | D        | Noticed a dread
   178 | D        | Noticed a fleshlord
   180 | D        | Noticed an accursed
   180 | D        | Noticed a tyrant
   180 | D        | Killed a meat berserker
   181 | D        | Killed from afar by a scourge

Vault maps used:
D:        meatsprint

Action                   |  1- 3 |  4- 6 |  7- 9 | 10-12 | 13-15 | 16-18 | 19-21 | 22-24 | 25-27 || total
-------------------------+-------+-------+-------+-------+-------+-------+-------+-------+-------++-------
Melee: Executioner's axe |     1 |       |       |       |     1 |     4 |     9 |     4 |    66 ||    85
 Cast: Passage of Golubr |       |       |       |       |       |       |       |       |     2 ||     2
       Apportation       |       |       |       |       |       |       |       |       |     1 ||     1
Evoke: Wand              |       |       |       |       |       |       |       |       |     4 ||     4
  Use: Scroll            |       |       |       |       |       |       |       |     2 |       ||     2
       Potion            |       |       |       |       |       |       |       |       |     2 ||     2
 Stab: Distracted        |       |       |       |       |       |       |       |       |     1 ||     1
